 Dungeon Crawl Stone Soup version 0.31.0-11-ge490571c62 (webtiles) character file.

Game seed: 11857661141418965080

8 browni3141 the Conjurer (level 2, 19/19 HPs)
             Began as a Demonspawn Conjurer on Jan 30, 2024.
             Got out of the dungeon alive.
             The game lasted 00:00:09 (267 turns).

browni3141 the Conjurer (Demonspawn Conjurer)        Turns: 267, Time: 00:00:09

Health: 19/19      AC:  2    Str:  7    XL:     2   Next: 0%
Magic:  5/5        EV: 12    Int: 18    God:
Gold:   19         SH:  0    Dex: 11    Spells: 4/5 levels left

rFire   . . .        (no weapon)
rCold   . . .        (no shield)
rNeg    . . .        a - +0 robe
rPois   .            (no helmet)
rElec   .            (no cloak)
rCorr   .            (no gloves)
SInv    .            (no boots)
Will    .....        (no amulet)
Stlth   ++           (no ring)
HPRegen 0.23/turn    (no ring)
MPRegen 0.09/turn

%: no passive effects
@: no status effects
A: weakness stinger 1
a: no special abilities


You escaped.
You visited 1 branch of the dungeon, and saw 1 of its levels.

You collected 19 gold pieces.

Inventory:

Armour
 a - a +0 robe (worn)
Scrolls
 c - a scroll of immolation {unknown}
Potions
 b - a potion of magic


   Skills:
 + Level 2.0 Dodging
 + Level 2.0 Stealth
 + Level 2.1 Spellcasting
 + Level 4.1 Conjurations


You had 4 spell levels left.
You knew the following spells:

 Your Spells              Type           Power      Damage    Failure   Level
a - Magic Dart            Conj           64%        1d6       3%          1

Your spell library contained the following spells:

 Spells                   Type           Power      Damage    Failure   Level
 Searing Ray              Conj           32%        2d5       4%          2
 Fulminant Prism          Conj/Alch      4%         3d5       58%         4
 Iskenderun's Mystic Bla  Conj/Tloc      9%         2d4       58%         4


Dungeon Overview and Level Annotations

Branches:
Dungeon (1/15)

Altars:


Innate Abilities, Weirdness & Mutations

You have a small tail.


Message History

Welcome, browni3141 the Demonspawn Conjurer.
The fabulous Orb of Zot lies far below, as if waiting for you to find it.
Press ? for a list of commands and other information.
Found a staircase leading out of the dungeon.
Setting a skill training target for Axes at 18.0.
Setting a skill training target for Invocations at 14.0.
Setting a skill training target for Throwing at 11.0.
You open the door.
A ball python is nearby!
A ball python is nearby!
A ball python is nearby!
A ball python is nearby!
The magic dart hits the ball python.
You kill the ball python!
The magic dart hits the ball python.
The ball python is severely wounded.
The magic dart hits the ball python.
You kill the ball python!
You are out of magic!
Magic restored.
There is an open door here.
You see here a ball python corpse.
You now have 15 gold pieces.
You see here a +0 robe.
A goblin comes into view. It is wielding a +0 dagger.
You see here 4 gold pieces.
A goblin is nearby!
A goblin is nearby!
The magic dart hits the goblin.
You kill the goblin!
You can't see any susceptible monsters within range! (Use Z to cast anyway.)
You can't see any susceptible monsters within range! (Use Z to cast anyway.)
You now have 19 gold pieces (gained 4).
c - a scroll labelled NYGAYG XIPRO
Things that are here:
a +0 dagger; a goblin corpse
Found a stone staircase leading down.
A ball python comes into view.
A ball python is nearby!
The magic dart hits the ball python.
You kill the ball python!
You can't see any susceptible monsters within range! (Use Z to cast anyway.)
You see here a +0 robe.
You see here a ball python corpse.
A goblin comes into view. It is wielding a +0 club.
A goblin is nearby!
The magic dart hits the goblin.
The goblin is almost dead.
The goblin shouts!
The magic dart hits the goblin.
You kill the goblin!
A frilled lizard comes into view.
The frilled lizard hisses angrily.
A frilled lizard is nearby!
The magic dart hits the frilled lizard.
You kill the frilled lizard!
You can't see any susceptible monsters within range! (Use Z to cast anyway.)
A goblin and an endoplasm come into view.
There are monsters nearby!
The magic dart hits the endoplasm.
You kill the endoplasm!
Your Dodging skill increases to level 2!
Your Stealth skill increases to level 2!
The magic dart hits the goblin.
You kill the goblin!
You have reached level 2!
Your demonic ancestry asserts itself...
You grow a small tail.
You see here a ball python corpse.
You see here a +0 robe.
Things that are here:
a +0 dagger; a goblin corpse You see here a +0 robe.
There is an open door here.
You see here a ball python skeleton.
There is a staircase leading out of the dungeon here.
You have escaped!

#.##...........
######...........##.
#.............##.# #
...#####÷#####.# .#
##.#PPP#.#PPP#.....
#.#P⌠P#.#P⌠P#.##.
..#PPP#.#PPP#.#
...#####.#####...
#..+....@....+..#
#.#####.#####..
#.#PPP#.#PPP#..
#.#P⌠P#.#P⌠P#.#
#.#PPP#.#PPP#.#
#.#####+#####.#
#.... . . ....# ####
# . ####


There were no monsters in sight!

Vanquished Creatures
  An endoplasm (D:1)
  3 goblins (D:1)
  3 ball pythons (D:1)
  A frilled lizard (D:1)
8 creatures vanquished.

Notes
Turn   | Place    | Note
-------+----------+-------------------------------------------
     0 | D:1      | browni3141 the Demonspawn Conjurer began the quest for the
                  | Orb.
     0 | D:1      | Reached XP level 1. HP: 13/13 MP: 3/3
   195 | D:1      | Gained mutation: You have a small tail. [demonic ancestry]
   195 | D:1      | Reached XP level 2. HP: 19/19 MP: 1/5
   267 | D:$      | Got out of the dungeon alive.

Illustrated notes

Levels and vault maps discovered:
D:1:      beargit_arrival_greenhouse, layout_loops_ring

Skill      XL: |  1 |
---------------+----+-----
Dodging        | 2 |  2.0
Stealth        | 2 |  2.0
Spellcasting   | |  2.1
Conjurations   | |  4.1

Action                     || total
---------------------------++-------
   Cast: Magic Dart        ||    10
